Map: Bridgehead LE (Void)

Players

SticklerMac - Winner!

  • Race: Terran Terran
  • League: Bronze

StareMaster

  • Race: Zerg Zerg
  • League: Bronze

VOD

Have the link to the VOD?

Description

Time

  • Played on: July 29, 2015, 8:25 p.m.
  • Length: 10:07
Show
View Real Time Build Order
Export as new Build Order

SticklerMac Terran - Winner!

Build Orders:  

Get SALT Encoding   

  12  0:01  SCV  
  13  0:13  SCV  
  14  0:18  Supply Depot  
  14  0:25  SCV  
  15  0:39  SCV  
  15  0:41  Barracks  
  16  0:48  Refinery  
  16  0:52  SCV  
  17  1:04  Barracks  
  17  1:14  Barracks  
  17  1:16  SCV  
  18  1:28  SCV  
  18  1:30  Marine  
  20  1:40  SCV  
  21  1:49  Factory  
  21  1:52  SCV, Marine  
  23  1:58  Supply Depot  
  23  2:02  Barracks Tech Lab  
  23  2:16  Refinery  
  23  2:20  SCV, Marine  
  23  2:22  Supply Depot  
  25  2:25  Barracks Reactor  
  25  2:36  Orbital Command  
  25  2:45  Supply Depot  
  27  2:51  Marauder  
  27  2:58  Stimpack, Marine  
  28  3:11  Marine x2  
  30  3:13  Marauder  
  30  3:16  Marine  
  33  3:29  Marine x2  
  35  3:35  Marauder  
  35  3:36  Starport  
  37  3:44  SCV  
  38  3:48  Marine x2  
  38  3:49  Marine  
  41  3:58  Marauder  
  43  4:17  Marine x2  
  43  4:19  Marine  
  43  4:21  Starport Reactor  
  46  4:35  Supply Depot  
  46  4:37  Supply Depot  
  46  4:39  Marine  
  47  4:57  Marauder  
  49  5:00  Medivac x2  
  49  5:03  Marine x2  
  49  5:04  Marine  
  56  5:18  Marauder  
  56  5:20  Marine  
  56  5:21  Marine  
  60  5:47  Marine, Medivac  
  63  5:57  Supply Depot  
  63  5:58  Supply Depot  
  63  6:18  Medivac, Marine x3  
  63  6:19  Marauder  
  55  6:36  Marine x2  
  51  6:40  Marauder  
  48  6:50  Marine  
  48  6:54  Marine x2  
  49  7:01  Marauder  
  51  7:09  Marine  
  51  7:11  Marine  
  51  7:12  Marine  
  56  7:23  Marauder  
  56  7:27  Marine  
  56  7:29  Marine  
  58  7:30  Medivac x2, Marine  
  65  7:44  Marine, Marauder  
  66  7:52  Marine x2  
  68  8:02  Marine  
  68  8:05  Marine  
  69  8:10  Marine x2  
  65  8:20  Marine  
  65  8:23  Marauder  
  66  8:27  Marine  
  66  8:28  Marine  
  67  8:38  Marine  
  67  8:44  Marine  
  67  8:52  Marine x2  
  65  8:56  Marine  
  68  9:02  Marauder  
  68  9:10  Marine x2  
  68  9:13  Marine  
  73  9:24  Marauder  
  73  9:28  Marine x2  
  75  9:31  Marine  
  78  9:45  Marine, Marauder  
Show
View Real Time Build Order
Export as new Build Order

StareMaster Zerg 

Build Orders: Hatch First 

Get SALT Encoding   

  12  0:01  Drone  
  13  0:12  Overlord  
  13  0:18  Drone  
  14  0:30  Drone  
  14  0:31  Drone  
  14  0:34  Drone  
  17  0:52  Hatchery  
  17  0:55  Drone  
  17  1:10  Spawning Pool  
  17  1:11  Drone  
  17  1:14  Drone  
  18  1:20  Extractor  
  18  1:21  Drone  
  18  1:27  Overlord  
  18  1:39  Drone  
  19  1:49  Drone  
  20  2:00  Zergling x2  
  21  2:06  Queen, Zergling x2  
  24  2:08  Queen  
  26  2:19  Drone x2  
  28  2:23  Drone  
  29  2:36  Overlord  
  29  2:40  Drone x2  
  29  2:43  Drone  
  32  2:49  Zergling x2  
  33  2:59  Drone  
  33  3:01  Drone  
  35  3:05  Drone  
  35  3:07  Roach Warren  
  35  3:09  Drone  
  35  3:28  Drone  
  35  3:29  Drone x3  
  35  3:32  Overlord x2  
  35  3:33  Extractor  
  38  3:41  Extractor  
  37  3:46  Lair  
  37  3:47  Queen  
  39  3:50  Hatchery  
  38  3:58  Roach  
  38  3:59  Roach x7  
  54  4:27  Overlord x2  
  54  4:43  Overlord  
  54  4:44  Overlord x4  
  54  4:47  Queen  
  54  4:50  Glial Reconstitution  
  54  4:52  Drone  
  57  4:53  Drone x3  
  60  5:03  Ravager  
  60  5:04  Ravager  
  60  5:05  Ravager  
  63  5:08  Zergling x14  
  70  5:24  Drone x4  
  70  5:25  Extractor, Zergling x2  
  74  5:34  Roach x3  
  80  5:41  Roach  
  82  5:47  Roach x2  
  86  5:56  Roach x3  
  94  5:57  Roach  
  82  6:30  Roach  
  82  6:31  Roach x5  
  59  7:15  Queen  
  61  7:19  Hatchery  
  60  7:24  Drone x3  
  60  7:25  Drone x3  
  66  7:46  Roach x3  
  72  8:02  Roach  
  72  8:03  Roach x5  
  60  8:21  Roach  
  60  8:22  Roach x2  
  60  8:24  Roach  
  58  8:36  Zergling x2  
  43  8:49  Roach  
  43  8:55  Roach x2  
  35  8:56  Roach  
  27  9:14  Roach x2  
  23  9:26  Roach  
  23  9:27  Roach x2  
  23  9:38  Roach  
  23  9:39  Roach x3  
Tags
 
Add a new tag
Caveats
  • Supply blocks, unpowered buildings, or Contaminate may cause inaccurate times.
  • Supply counts are checked every 10 seconds.